 Dungeon Crawl Stone Soup version 0.30-a0-404-g0b3c3f4973 (webtiles) character file.

Game seed: 2902192189695726190

423 vineage the Trooper (level 6, -2/68 HPs)
             Began as an Ogre Fighter on Dec 7, 2022.
             Slain by a wraith (11 damage)
             ... on level 4 of the Dungeon.
             The game lasted 00:05:04 (3347 turns).

vineage the Trooper (Ogre Fighter)                  Turns: 3347, Time: 00:05:05

Health: -2/68      AC:  3    Str: 23    XL:     6   Next: 95%
Magic:  6/6        EV:  9    Int: 15    God:
Gold:   255        SH:  7    Dex:  8    Spells: 5/5 levels left

rFire   . . .      SeeInvis .    a - +0 flail
rCold   . . .      Faith    .    c - +0 kite shield
rNeg    . . .      Spirit   .    b - +0 robe
rPois   .          Reflect  .    m - +0 hat
rElec   .          Harm     .    (no cloak)
rCorr   .          Rampage  .    (gloves unavailable)
Will    .....                    (boots unavailable)
Stlth   +.........               (no amulet)
HPRegen 0.31/turn                l - +6 ring of intelligence
MPRegen 0.10/turn                (no ring)

@: slowed, very slow
A: large, unfitting armour, tough skin 1, passive freeze, MP-powered wands
a: no special abilities


You were on level 4 of the Dungeon.
You visited 1 branch of the dungeon, and saw 5 of its levels.

You collected 255 gold pieces.

Inventory:

Hand Weapons
 a - a +0 flail (weapon)
Armour
 b - a +0 robe (worn)
 c - a +0 kite shield (worn)
 m - a +0 hat (worn)
Jewellery
 l - a +6 ring of intelligence (left hand)
Scrolls
 h - a scroll of fear
 j - a scroll of noise
Potions
 d - a potion of might
 e - 2 potions of curing
 f - a potion of brilliance {unknown}
 g - a potion of haste
 i - a potion of invisibility {unknown}
 k - 2 potions of mutation
 n - 2 potions of ambrosia {unknown}
 o - 2 potions of lignification {unknown}
 p - 2 potions of flight
 q - 2 potions of berserk rage
 r - 2 potions of attraction {unknown}


   Skills:
 * Level 6.9 Fighting
 + Level 3.3 Maces & Flails
 + Level 3.9 Dodging
 + Level 4.2 Shields


You had 5 spell levels left.
You didn't know any spells.
Your spell library contained the following spells:

 Spells                   Type           Power      Damage    Failure   Level
 Beastly Appendage        Tmut           0%         N/A       52%         1
 Kiss of Death            Conj/Necr      0%         2d5       52%         1
 Sandblast                Erth           0%         2d4       52%         1
 Blink                    Tloc           0%         N/A       67%         2
 Passwall                 Tmut/Erth      0%         N/A       67%         2
 Wereblood                Tmut           0%         N/A       67%         2
 Confusing Touch          Hex            0%         N/A       88%         3
 Spider Form              Tmut/Pois      0%         N/A       88%         3
 Stone Arrow              Conj/Erth      0%         3d7       88%         3
 Dispel Undead            Necr           0%         3d6       99%         4
 Manifold Assault         Tloc           0%         N/A       99%         4
 Storm Form               Tmut/Air       0%         N/A       100%        7


Dungeon Overview and Level Annotations

Branches:
Dungeon (5/15)
 Temple: D:4-7

Altars:
Zin


Innate Abilities, Weirdness & Mutations

You are too large for most types of armour.
You have tough skin. (AC +1)
A frigid envelope surrounds you and freezes all who hurt you.
You expend magic power (3 MP) to strengthen your wands.


Message History

You closely miss the adder.
The adder is almost dead.
You block the wraith's attack. The adder bites you but does no damage.
The adder is very cold.
You kill the adder!
You block the wraith's attack.
You hit the wraith but do no damage.
The wraith is moderately damaged.
The wraith hits you! The wraith drains your vigour!
You feel as though you will be slow longer.
The wraith resists.
The wraith is very cold.
The wraith is moderately damaged.
The wraith completely misses you.
You are too injured to fight recklessly!
You closely miss the wraith.
The wraith is moderately damaged.
The wraith barely misses you. The wraith hits you!
The wraith drains your vigour!
You feel as though you will be slow longer.
The wraith resists.
The wraith is very cold.
The wraith is heavily damaged.
You hit the wraith but do no damage.
The wraith is heavily damaged.
The wraith hits you but does no damage.
The wraith resists.
The wraith is very cold.
The wraith is heavily damaged.
The wraith hits you!
* * * LOW HITPOINT WARNING * * *
The wraith resists.
The wraith is very cold.
The wraith is heavily damaged.
You sock the wraith!
The wraith is almost destroyed.
The wraith barely misses you. The wraith hits you.
* * * LOW HITPOINT WARNING * * *
The wraith resists.
The wraith is very cold.
The wraith is almost destroyed.
You hit the wraith but do no damage.
The wraith is almost destroyed.
You block the wraith's attack. The wraith hits you!
You die...

#### #.# #.# #####.# ...# #.# #.#
#÷# ##.# #.# #.# #.# ...# #.# #.#
#.# #..# #)# #.# #.# #..# #.# #.#
#.# ###### #..###.# #.# ### #.#
#≈≈≈≈≈
.......######.####.###.#####≈~~.~
#..######.......@W.........'..≈.~
#.........###.####.#.....#.'.~.≈.
#.######### #.# #.#.......#≈~.~~
#..##########.# #.#.....###≈≈≈≈≈
#.........†...####.#.....# ######
#..#########.......###.### #..#
#.#########.# #..# #...........#
...# #############


You could see a wraith.

Vanquished Creatures
  A scorpion (D:4)
  2 jellies (D:4)
  2 orc priests (D:3)
  2 orc wizards
  Natasha (D:4)
  6 adders
  4 worms
  2 dart slugs
  9 orcs
  8 endoplasms
  3 giant cockroaches
  8 goblins
  6 hobgoblins
  8 jackals
  2 quokkas
  8 ball pythons
  5 bats
  4 frilled lizards
  10 kobolds
  11 rats
102 creatures vanquished.

Notes
Turn   | Place    | Note
-------+----------+-------------------------------------------
     0 | D:1      | vineage the Ogre Fighter began the quest for the Orb.
     0 | D:1      | Reached XP level 1. HP: 24/24 MP: 1/1
   242 | D:1      | Reached XP level 2. HP: 10/32 MP: 2/2
   246 | D:1      | HP: 1/33 [kobold/+0 short sword (2)]
   836 | D:2      | Reached XP level 3. HP: 40/40 MP: 3/3
   956 | D:2      | Found a faded altar of an unknown god.
  1113 | D:2      | Reached skill level 5 in Fighting
  1181 | D:2      | Reached XP level 4. HP: 50/50 MP: 4/4
  1659 | D:3      | Gained mutation: A frigid envelope surrounds you and
                  | freezes all who hurt you. [potion of mutation]
  1659 | D:3      | Gained mutation: You expend magic power (3 MP) to
                  | strengthen your wands. [potion of mutation]
  1926 | D:3      | Reached XP level 5. HP: 43/57 MP: 5/5
  2273 | D:3      | Reached skill level 6 in Fighting
  2605 | D:4      | Reached XP level 6. HP: 67/67 MP: 6/6
  2833 | D:4      | Found a glowing silver altar of Zin.
  2969 | D:4      | Noticed Natasha
  2972 | D:4      | Killed Natasha
  3332 | D:5      | Entered Level 5 of the Dungeon
  3332 | D:5      | Noticed a yak
  3332 | D:5      | Noticed a wraith
  3333 | D:5      | Noticed a troll
  3347 | D:4      | Slain by a wraith

Illustrated notes

Levels and vault maps discovered:
D:1:      giann_horns, layout_basic
D:2:      layout_rooms, ebering_ecumenical_altar_abandoned,
          minmay_misc_feat_more_columns, minmay_pentomino_t4
D:3:      layout_basic, chequers_serial_rivers_micro_e
D:4:      layout_loops_ring, zin_statuary, minmay_misc_feat_rows,
          kennysheep_generic_room_12, uniq_natasha
D:5:      corexii_shack_village, layout_gridville, kennysheep_mini,
          minmay_manual_maat, uniq_duvessa, uniq_sigmund, uniq_blork_the_orc,
          uniq_eustachio

Skill      XL: |  1  2  3  4  5  6 |
---------------+-------------------+-----
Maces & Flails | 2 3 |  3.3
Dodging        | 3 |  3.9
Fighting       | 5 6 |  6.9
Shields        | 4 |  4.2

Action                   |  1- 3 |  4- 6 || total
-------------------------+-------+-------++-------
Melee: Flail             |   114 |   157 ||   271
  Use: Potion            |     1 |     4 ||     5
       Scroll            |       |     6 ||     6
 Stab: Sleeping          |     1 |     1 ||     2
       Distracted        |     1 |       ||     1
Armor: Robe              |    40 |    41 ||    81
Dodge: Dodged            |    38 |    55 ||    93
Block: Kite shield       |    53 |    48 ||   101

Table legend: (Time is in decaauts)
 A = Elapsed time spent in this place.
 B = Non-inter-level travel time spent in this place.
 C = Inter-level travel time spent in this place.
 D = Time resting spent in this place.
 E = Time spent auto-exploring this place.
 F = Levels seen in this place.
 G = Mean time per level.
                   A        B        C        D        E       F      G
               +--------+--------+--------+--------+--------+-----+--------+
         Total |   3461 |   3340 |    121 |     37 |   2633 |   5 |  692.2 |
       Dungeon |   3461 |   3340 |    121 |     37 |   2633 |   5 |  692.2 |
               +--------+--------+--------+--------+--------+-----+--------+

Top non-repeatable levels by time:
     D:3: 1022 daAuts
     D:4: 865 daAuts
     D:1: 803 daAuts
     D:2: 765 daAuts
     D:5: 5 daAuts
